 Dungeon Crawl Stone Soup version 0.29.1-12-g30fa7ad0bf (webtiles) character file.

Game seed: 15025681520438686069

138 ThatPearl the Magician (level 4, 0/36 HPs)
             Began as a Demigod Hedge Wizard on Jan 8, 2023.
             Slain by a scorpion (2 damage)
             ... on level 3 of the Dungeon.
             The game lasted 00:11:13 (3273 turns).

ThatPearl the Magician (Demigod Hedge Wizard)       Turns: 3273, Time: 00:11:14

Health: 0/36       AC:  5    Str: 11    XL:     4   Next: 70%
Magic:  10/12      EV: 12    Int: 20    God:
Gold:   153        SH:  0    Dex: 13    Spells: 4/10 levels left

rFire   . . .      SeeInvis .   a - +0 dagger
rCold   . . .      Faith    .   (no shield)
rNeg    . . .      Spirit   .   b - +0 robe
rPois   .          Reflect  .   w - +0 helmet
rElec   .          Harm     .   n - +0 cloak
rCorr   .          Rampage  .   (no gloves)
Will    .....                   c - +0 pair of boots
Stlth   ++........              t - amulet of magic regeneration
HPRegen 0.12/turn               (no ring)
MPRegen 0.53/turn               (no ring)

@: no status effects
A: high MP 1, forlorn, divine attributes
a: no special abilities


You were on level 3 of the Dungeon.
You visited 1 branch of the dungeon, and saw 4 of its levels.

You collected 153 gold pieces.

Inventory:

Hand Weapons
 a - a +0 dagger (weapon)
 h - a +0 short sword
Missiles
 g - 3 poisoned darts
 i - 54 stones
Armour
 b - a +0 robe (worn)
 c - a +0 pair of boots (worn)
 n - a +0 cloak (worn)
 w - a +0 helmet (worn)
Jewellery
 p - a ring of ice
 t - an amulet of magic regeneration (around neck)
Scrolls
 e - a scroll of summoning {unknown}
 f - a scroll of magic mapping {unknown}
 j - a scroll of fear {unknown}
 k - 2 scrolls of identify {unknown}
 l - a scroll of blinking {unknown}
 m - a scroll of immolation {unknown}
 u - a scroll of amnesia {unknown}
 x - a scroll of enchant weapon {unknown}
Potions
 d - a potion of magic
 o - a potion of might {unknown}
 q - 2 potions of brilliance {unknown}
 r - a potion of haste {unknown}
 s - 2 potions of attraction {unknown}
 v - a potion of curing {unknown}


   Skills:
 + Level 2.2 Fighting
 - Level 1.7 Dodging
 - Level 1.7 Stealth
 + Level 3.5 Spellcasting
 + Level 2.5 Conjurations
 - Level 0.8 Summonings
 - Level 0.8 Translocations


You had 4 spell levels left.
You knew the following spells:

 Your Spells              Type           Power      Damage    Failure   Level
b - Blink                 Tloc           14%        N/A       14%         2
c - Call Imp              Summ           7%         N/A       14%         2
m - Magic Dart            Conj           52%        1d5       4%          1
s - Slow                  Hex            12%        N/A       14%         1

Your spell library contained the following spells:

 Spells                   Type           Power      Damage    Failure   Level
 Conjure Flame            Conj/Fire      8%         6-21      24%         3
 Mephitic Cloud           Conj/Pois/Air  6%         N/A       28%         3
 Portal Projectile        Hex/Tloc       10%        N/A       34%         3
 Ozocubu's Armour         Ice            3%         N/A       38%         3
 Tukima's Dance           Hex            3%         N/A       38%         3
 Blade Hands              Tmut           1%         N/A       98%         5
 Malign Gateway           Summ/Tloc      3%         N/A       100%        7
 Ozocubu's Refrigeration  Ice            1%         4d7       100%        7
 Summon Horrible Things   Summ           3%         N/A       100%        8


Dungeon Overview and Level Annotations

Branches:
Dungeon (4/15)
 Temple: D:4-7

Shops:
D:2 *   D:3 (

Annotations:
D:4 Sigmund


Innate Abilities, Weirdness & Mutations

You have an increased reservoir of magic. (+10% MP)
You shall have no god before yourself.
Your divine heritage dramatically boosts your attributes as you level up.


Message History

A beastly little devil appears in a puff of flame.
Your crimson imp disappears in a puff of smoke!
The scorpion closely misses you. The endoplasm freezes you.
You are frozen.
Casting: Call Imp (safe; 14% risk of failure)
Confirm with . or Enter, or press ? or * to list all spells.
Aiming: Slow (safe; 14% risk of failure)
Press: ? - help, Shift-Dir - straight line, f - scorpion
Aim: a scorpion (ally target, chance to affect: 37%)
The scorpion easily resists.
The scorpion stings you. The endoplasm freezes you.
You are frozen.
* * * LOW HITPOINT WARNING * * *
Your crimson imp hits the scorpion but does no damage.
The scorpion stings you.
* * * LOW HITPOINT WARNING * * *
The endoplasm attacks as you move away! The endoplasm closely misses you.
The scorpion closely misses you.
Your crimson imp hits the scorpion but does no damage.
Casting: Slow (safe; 14% risk of failure)
Confirm with . or Enter, or press ? or * to list all spells.
Aiming: Slow (safe; 14% risk of failure)
Press: ? - help, Shift-Dir - straight line, f/p - scorpion
Aim: a scorpion (ally target, chance to affect: 37%)
The scorpion easily resists.
The endoplasm freezes you.
You are frozen.
* * * LOW HITPOINT WARNING * * *
The scorpion closely misses you.
Your crimson imp hits the scorpion.
The endoplasm attacks as you move away!
The endoplasm hits you but does no damage.
Your crimson imp hits the endoplasm.
Your crimson imp hits the scorpion.
Your magical contamination has completely faded away.
The scorpion barely misses you.
The endoplasm hits you but does no damage.
Your crimson imp blinks!
The scorpion stings you.
You die...

≈≈≈≈≈~~~♣♣....# #.###.....#.##..#
≈≈≈≈≈≈P~♣P....###...#.....#.##..#
P≈≈≈~~P~~#####.......5....#.##...
P≈≈~~~♣♣~# #............#.#..##
♣P~~~♣~P~# #............[...##
~~~~P~PP♣# #.......####...###
~~~~~~♣♣ #........#....######
~♣~P~~ #..........#.....#.. P~~♣
#..@J§..>†.+.....#.♣ ~~~
#...s...####.....#.. ~~ #.......#
#........ ######### #.....#^.
#.....#.♣ #.....#[. #.....###
#........ #########


You could see a scorpion (ally target), an endoplasm and a friendly crimson imp
(summoned).

Vanquished Creatures
  A howler monkey (D:4)
  A jelly (D:3)
  A dart slug (D:3)
  An orc (D:3)
  7 endoplasms
  2 giant cockroaches
  4 goblins
  6 hobgoblins
  6 kobolds
  A quokka (D:1)
  5 ball pythons
  A bat (D:1)
  5 frilled lizards
  6 rats
47 creatures vanquished.

Vanquished Creatures (collateral kills)
  2 adders (D:2)
  A ball python (D:2)
3 creatures vanquished.

Vanquished Creatures (others)
  6 plants (D:2)
6 creatures vanquished.

Grand Total: 56 creatures vanquished

Notes
Turn   | Place    | Note
-------+----------+-------------------------------------------
     0 | D:1      | ThatPearl the Demigod Hedge Wizard began the quest for the
                  | Orb.
     0 | D:1      | Reached XP level 1. HP: 14/14 MP: 6/6
     2 | D:1      | Learned a level 1 spell: Slow
    39 | D:1      | Reached skill level 1 in Conjurations
   394 | D:1      | Reached XP level 2. HP: 22/22 MP: 2/8
   972 | D:1      | Reached skill level 1 in Fighting
   972 | D:1      | Reached skill level 3 in Spellcasting
  1046 | D:1      | Learned a level 2 spell: Blink
  1049 | D:1      | Learned a level 2 spell: Call Imp
  1348 | D:2      | Reached XP level 3. HP: 28/28 MP: 8/10
  1475 | D:2      | Found Laish's General Store.
  2159 | D:3      | Found Asaraent's Weapon Boutique.
  2854 | D:3      | Reached XP level 4. HP: 20/36 MP: 7/12
  3234 | D:4      | Noticed Sigmund
  3273 | D:3      | Slain by a scorpion

Illustrated notes

Levels and vault maps discovered:
D:1:      mrwooster_arrival_statue, layout_loops_ring, due_unseen_surprise
D:2:      wad_woods_pond, layout_basic, serial_shops, shop,
          hellmonk_ecumenical_altar_leap_of_faith
D:3:      layout_basic, serial_shops, nicolae_shop_crystal, minmay_hedge_maze,
          chequers_serial_rivers_marsh, grunt_ministairs_3, serial_bayou_lake_a
D:4:      layout_loops_ring, serial_park_tiny_1, minmay_unequal, uniq_natasha,
          uniq_sigmund, uniq_robin, uniq_menkaure

Skill      XL: |  1  2  3 |
---------------+----------+-----
Conjurations   | 1 2 |  2.5
Fighting       | 1 2 |  2.2
Spellcasting   | 3 |  3.5
Dodging        | |  1.7
Stealth        | |  1.7
Summonings     | |  0.8
Translocations | |  0.8

Action                   |  1- 3 |  4- 6 || total
-------------------------+-------+-------++-------
Melee: Dagger            |    29 |     1 ||    30
       Punch             |     1 |       ||     1
 Cast: Magic Dart        |    97 |    10 ||   107
       Call Imp          |     2 |     3 ||     5
       Slow              |     1 |     2 ||     3
 Stab: Sleeping          |     1 |       ||     1
Armor: Robe              |    13 |    10 ||    23
Dodge: Dodged            |    41 |    27 ||    68
